 Dungeon Crawl Stone Soup version 0.27.1-33-g824d729ab1 (webtiles) character file.

Game seed: 5638562556105820858

2163 alasdair19 the Shield-Bearer (level 9, -2/75 HPs)
             Began as a Minotaur Fighter on Dec 22, 2021.
             Was a Follower of Okawaru.
             Slain by a two-headed ogre (10 damage)
             ... on level 6 of the Dungeon.
             The game lasted 00:17:23 (4240 turns).

alasdair19 the Shield-Bearer (Minotaur Fighter)     Turns: 4240, Time: 00:17:24

Health: -2/75      AC: 17    Str: 23    XL:     9   Next: 10%
Magic:  9/9        EV:  5    Int:  6    God:    Okawaru [*.....]
Gold:   172        SH: 16    Dex: 10    Spells: 8/8 levels left

rFire    + . .     SeeInvis .   e - +0 long sword
rCold    + . .     Faith    .   c - +0 kite shield
rNeg     + . .     Spirit   .   g - +0 plate armour
rPois    .         Reflect  +   (helmet restricted)
rElec    .         Harm     .   u - scarf {rC+ rF+}
rCorr    +         Rampage  .   b - +2 pair of gloves
Will     .....                  B - +0 pair of boots
Stlth    ..........             p - amulet of reflection
HPRegen  0.22/turn              f - ring of resist corrosion
MPRegen  0.11/turn              j - ring of positive energy

@: no status effects
A: horns 2, retaliatory headbutt
a: Renounce Religion, Heroism


You were on level 6 of the Dungeon.
You worshipped Okawaru.
Okawaru was aware of your devotion.
You visited 2 branches of the dungeon, and saw 7 of its levels.

You collected 172 gold pieces.

Inventory:

Hand Weapons
 e - a +0 long sword (weapon)
 q - a +0 hunting sling
Missiles
 m - 7 sling bullets
Armour
 b - a +2 pair of gloves (worn)
 c - a +0 kite shield (worn)
 g - a +0 plate armour (worn)
 u - a scarf of resistance (worn)
 B - a +0 pair of boots (worn)
Jewellery
 f - a ring of resist corrosion (left hand)
 h - a +6 ring of dexterity
 j - a ring of positive energy (right hand)
 p - an amulet of reflection (around neck)
 r - a ring of ice
 s - an amulet of the acrobat
 z - a ring of protection from cold
Wands
 x - a wand of mindburst (10)
Scrolls
 d - a scroll of torment {unknown}
 i - a scroll of acquirement {unknown}
 k - a scroll of teleportation {unknown}
 o - a scroll of holy word {unknown}
 t - a scroll of blinking {unknown}
 w - a scroll of vulnerability {unknown}
 y - a scroll of magic mapping {unknown}
Potions
 l - 2 potions of curing
 n - 2 potions of mutation
 v - 3 potions of lignification
 A - a potion of haste {unknown}


   Skills:
 + Level 6.2 Fighting
 + Level 7.4 Long Blades
 + Level 5.8 Slings
 + Level 7.1 Armour
 - Level 0.3 Dodging
 + Level 7.8 Shields
 * Level 1.3 Invocations


You had 8 spell levels left.
You didn't know any spells.
Your spell library contained the following spells:

 Spells                   Type           Power      Damage    Failure   Level
 Stone Arrow              Conj/Erth      0%         3d7       100%        3
 Animate Armour           Summ/Erth      0%         N/A       100%        4
 Lehudib's Crystal Spear  Conj/Erth      0%         10d2      100%        8


Dungeon Overview and Level Annotations

Branches:
Dungeon (6/15)             Temple (1/1) D:5

Altars:
Ashenzari
Cheibriados
Dithmenos
Elyvilon
Fedhas
Hepliaklqana
Kikubaaqudgha
Makhleb
Nemelex Xobeh
Okawaru
Qazlal
Trog
Uskayaw
Vehumet
Xom
Yredelemnul
Zin
The Shining One

Shops:
D:6 (


Innate Abilities, Weirdness & Mutations

You have a pair of horns on your head.
You reflexively headbutt those who attack you in melee.


Message History

Fire: 9 sling bullets
Press: ? - help, Q - select action, (/) - cycle Shift-Dir - straight line, f - two-headed ogre
Aim: a two-headed ogre, wielding a +0 giant club and a +0 giant spiked club (76% to hit)
You shoot a sling bullet. The kobold shouts!
The sling bullet hits the two-headed ogre!
The two-headed ogre is moderately wounded.
Fire: 8 sling bullets
Press: ? - help, Q - select action, (/) - cycle Shift-Dir - straight line, f/p - two-headed ogre
Aim: a two-headed ogre, wielding a +0 giant club and a +0 giant spiked club (moderately wounded, 76% to hit)
You shoot a sling bullet.
The sling bullet hits the two-headed ogre but does no damage.
The two-headed ogre is moderately wounded.
A scorpion comes into view.
e - a +0 long sword (weapon)
You hit the two-headed ogre.
The two-headed ogre is moderately wounded.
You block the two-headed ogre's attack.
The two-headed ogre hits you with a +0 giant spiked club!!
You hit the two-headed ogre.
The two-headed ogre is moderately wounded.
The two-headed ogre hits you with a +0 giant club!
You block the two-headed ogre's attack.
You hit the two-headed ogre but do no damage.
The two-headed ogre is moderately wounded.
You block the two-headed ogre's attack.
The two-headed ogre hits you with a +0 giant spiked club!
You completely miss the two-headed ogre.
You headbutt the two-headed ogre, but do no damage.
The two-headed ogre is moderately wounded.
You block the two-headed ogre's attack.
The two-headed ogre hits you with a +0 giant spiked club!
* * * LOW HITPOINT WARNING * * *
You hit the two-headed ogre but do no damage.
Your headbutt misses the two-headed ogre.
The two-headed ogre is moderately wounded.
The two-headed ogre hits you with a +0 giant club.
* * * LOW HITPOINT WARNING * * *
The two-headed ogre hits you with a +0 giant spiked club!
You die...

...... ..(.
... #(# #s##
#..# ##K##
## #.O# .##
##@## ...
#..#######.#
##......#..#
######...###
#.....#
#.###.# #.#
# #.# #.#


You could see a two-headed ogre, a scorpion and a kobold.

Vanquished Creatures
  A two-headed ogre (D:4)
  Grinder (D:3)
  Prince Ribbit (D:6)
  A sky beast (D:5)
  A black bear (D:5)
  A necrophage (D:5)
  An ogre (D:5)
  4 scorpions
  A water moccasin skeleton (D:4)
  A howler monkey (D:5)
  2 hounds
  2 jellies (D:6)
  A centaur skeleton (D:5)
  A gnoll shaman (D:6)
  Jessica (D:3)
  Terence (D:3)
  2 hound zombies (D:3)
  5 gnolls (D:6)
  A howler monkey skeleton (D:6)
  10 adders
  A shadow imp (D:5)
  An adder skeleton (D:4)
  An adder zombie (D:3)
  2 orcs
  7 endoplasms
  5 giant cockroaches
  6 goblins
  3 hobgoblins (D:1)
  2 jackals (D:2)
  A quokka (D:1)
  5 ball pythons
  2 ball python skeletons (D:3)
  4 bats
  5 frilled lizards (D:1)
  2 giant cockroach zombies (D:3)
  A jackal zombie (D:3)
  3 kobolds (D:1)
  A quokka skeleton (D:3)
  A quokka zombie (D:3)
  8 rats
100 creatures vanquished.

Notes
Turn   | Place    | Note
-------+----------+-------------------------------------------
     0 | D:1      | alasdair19 the Minotaur Fighter began the quest for the
                  | Orb.
     0 | D:1      | Reached XP level 1. HP: 19/19 MP: 0/0
   161 | D:1      | Reached XP level 2. HP: 27/27 MP: 1/1
   404 | D:1      | Reached XP level 3. HP: 29/33 MP: 2/2
   440 | D:1      | Found a faded altar of an unknown god.
   782 | D:2      | Reached skill level 1 in Slings
  1125 | D:2      | Reached XP level 4. HP: 40/40 MP: 3/3
  1718 | D:3      | Noticed Jessica
  1721 | D:3      | Killed Jessica
  1722 | D:3      | Reached XP level 5. HP: 47/47 MP: 4/4
  1823 | D:3      | Noticed Terence
  1840 | D:3      | Killed Terence
  1841 | D:3      | Reached skill level 5 in Shields
  1865 | D:3      | Found a broken altar of Ashenzari.
  1867 | D:3      | Found a snail-covered altar of Cheibriados.
  1874 | D:3      | Found a hide-covered altar of Uskayaw.
  1875 | D:3      | Found a shadowy altar of Dithmenos.
  1877 | D:3      | Found a glowing golden altar of the Shining One.
  2055 | D:3      | Noticed Grinder
  2055 | D:3      | Paralysed by Grinder for 7 turns
  2068 | D:3      | Killed Grinder
  2069 | D:3      | Reached XP level 6. HP: 26/55 MP: 5/5
  2232 | D:3      | Found a shimmering altar of Xom.
  2237 | D:3      | Found a glowing silver altar of Zin.
  2238 | D:3      | Found a stormy altar of Qazlal.
  2523 | D:4      | Reached XP level 7. HP: 60/60 MP: 6/6
  2569 | D:4      | Reached skill level 5 in Fighting
  2569 | D:4      | Reached skill level 5 in Long Blades
  2569 | D:4      | Reached skill level 5 in Armour
  2617 | D:4      | Noticed a two-headed ogre
  2628 | D:4      | Killed a two-headed ogre
  2629 | D:4      | Reached XP level 8. HP: 51/69 MP: 7/7
  2976 | D:5      | Entered Level 5 of the Dungeon
  2976 | D:5      | Found a staircase to the Ecumenical Temple.
  2983 | Temple   | Entered the Ecumenical Temple
  3136 | Temple   | Became a worshipper of Warmaster Okawaru
  3266 | D:5      | Reached skill level 5 in Slings
  3742 | D:5      | Reached * piety under Okawaru
  3999 | D:6      | Found Pyirug's Weapon Shoppe.
  4006 | D:6      | Noticed Prince Ribbit
  4023 | D:6      | Killed Prince Ribbit
  4024 | D:6      | Reached skill level 1 in Invocations
  4024 | D:6      | Reached XP level 9. HP: 75/75 MP: 8/8
  4229 | D:6      | Noticed a two-headed ogre
  4240 | D:6      | Slain by a two-headed ogre

Illustrated notes

Levels and vault maps discovered:
D:1:      eino_arrival_tree_alley, layout_basic,
          shapermc_ecumenical_altar_totnotflames, minmay_tall_x
D:2:      layout_basic
D:3:      layout_rooms, minitemple, grunt_temple_overflow_diamond,
          serial_undead, serial_undead_e, serial_undead_e, serial_undead_d,
          serial_undead_c, serial_undead_e, serial_undead_e, serial_undead_f,
          serial_undead_f, uniq_grinder, uniq_terence, uniq_jessica
D:4:      minmay_evil_eye, layout_basic, minmay_fountain_box
D:5:      layout_loops_cross, nicolae_overflow_hidden_temple,
          minmay_temple_entry_overgrown
D:6:      layout_rooms, serial_shops, shop, uniq_prince_ribbit1
Temple:   minmay_temple_curvy_loop

Skill      XL: |  1  2  3  4  5  6  7  8 |
---------------+-------------------------+-----
Armour         | 4 6 7 |  7.1
Fighting       | 4 5 6 |  6.2
Shields        | 4 5 6 7 |  7.8
Slings         | 1 2 3 4 5 |  5.8
Long Blades    | 3 4 6 7 |  7.4
Invocations    | 1 |  1.3
Dodging        | |  0.3

Action                   |  1- 3 |  4- 6 |  7- 9 || total
-------------------------+-------+-------+-------++-------
Melee: Long sword        |    70 |    92 |   113 ||   275
       Headbutt          |     4 |    12 |    31 ||    47
 Fire: Hunting sling     |    10 |    31 |    34 ||    75
  Use: Scroll            |       |     5 |     2 ||     7
       Potion            |       |     1 |     1 ||     2
Armor: Scale mail        |    37 |    24 |       ||    61
       Chain mail        |       |     6 |     2 ||     8
       Plate armour      |       |       |    51 ||    51
Dodge: Dodged            |    21 |    13 |    12 ||    46
Block: Kite shield       |    34 |    86 |    97 ||   217
       Rpst.: Long sword |     5 |     2 |     6 ||    13
